 Dungeon Crawl Stone Soup version 0.25-b1-23-ge2ad7d536c (webtiles) character file.

Game seed: 16980695182591222239, levelgen mode: deterministic

21440 Arum the Fighter (level 13, -6/111 HPs)
             Began as a Formicid Fighter on May 29, 2020.
             Was a High Priest of Makhleb.
             Mangled by an enormous slime creature (25 damage)
             ... on level 13 of the Dungeon.
             The game lasted 00:30:05 (13274 turns).

Arum the Fighter (Formicid Fighter)                Turns: 13274, Time: 00:30:06

Health: -6/111     AC: 11    Str: 22    XL:     13   Next: 19%
Magic:  0/16       EV: 18    Int: 10    God:    Makhleb [*****.]
Gold:   771        SH: 11    Dex: 12    Spells: 12/12 levels left

rFire    . . .     SeeInvis +   B - +4 quarterstaff (chaos)
rCold    . . .     Gourm    .   c - +0 kite shield
rNeg     . . .     Faith    .   b - +0 scale mail
rPois    +         Spirit   +   (helmet unavailable)
rElec    .         Reflect  .   a - +0 cloak {rPois}
rCorr    .         Harm     .   m - +0 pair of gloves
MR       +....                  (no boots)
Stlth    ..........             j - amulet of guardian spirit
HPRegen  0.28/turn              v - +4 ring of evasion
MPRegen  0.15/turn              u - +4 ring of evasion

@: studying Polearms
A: permanent stasis, dig shafts and tunnels, four strong arms, antennae 3
a: Dig, Shaft Self, Minor Destruction, Lesser Servant of Makhleb, Major
Destruction, Greater Servant of Makhleb, Renounce Religion


You were on level 13 of the Dungeon.
You worshipped Makhleb.
Makhleb was extremely pleased with you.
You were not hungry.

You visited 1 branch of the dungeon, and saw 13 of its levels.

You collected 1013 gold pieces.
You spent 242 gold pieces at shops.

Inventory:

Hand Weapons
 q - a +1 antimagic scythe
 y - a +1 quarterstaff of draining
 B - a +4 quarterstaff of chaos (weapon)
Missiles
 E - 4 throwing nets (quivered)
Armour
 a - a +0 cloak of poison resistance (worn)
 b - a +0 scale mail (worn)
 c - a +0 kite shield (worn)
 m - a +0 pair of gloves (worn)
Magical Staves
 s - an uncursed staff of summoning {unknown}
Jewellery
 j - an amulet of guardian spirit (around neck)
 u - a +4 ring of evasion (right hand)
 v - a +4 ring of evasion (left hand)
 I - a +6 ring of intelligence
 L - a +6 ring of intelligence
 N - an uncursed ring of resist corrosion
Wands
 r - a wand of flame (12)
 K - a wand of digging (3)
 M - a wand of iceblast (14)
 Q - a wand of clouds (5)
Scrolls
 e - 6 scrolls of teleportation
 h - 5 scrolls of identify
 k - a scroll of magic mapping {unknown}
 l - 3 scrolls of fear
 o - 7 scrolls of remove curse
 t - 3 scrolls of enchant weapon {unknown}
 w - 3 scrolls of holy word {unknown}
 D - 4 scrolls of immolation
 G - 2 scrolls of enchant armour {unknown}
 H - 2 scrolls of noise {unknown}
 T - 2 scrolls of fog
 V - a scroll of brand weapon {unknown}
 W - a scroll of blinking {unknown}
Potions
 d - a potion of might
 g - a potion of heal wounds
 i - a potion of berserk rage
 n - a potion of ambrosia
 p - 6 potions of curing
 x - a potion of haste
 z - a potion of flight
 A - a potion of mutation
 C - a potion of cancellation
 J - 2 potions of magic {unknown}
 O - 2 potions of brilliance
 P - a potion of stabbing {unknown}
 U - a potion of lignification
Books
 F - a manual of Polearms
Miscellaneous
 R - a box of beasts
Comestibles
 f - 34 rations
 S - 5 chunks of flesh


   Skills:
 + Level 13.6 Fighting
 + Level 12.4 Staves
 - Level 10.0 Armour
 - Level 9.0 Shields
 - Level 5.0 Invocations


You had 12 spell levels left.
You didn't know any spells.
Your spell library contained the following spells:

 Spells                   Type           Power        Failure   Level  Hunger
 Bolt of Magma            Conj/Fire/Erth #.........   100%        5    ######.
 Iskenderun's Battlesphe  Conj/Chrm      #.......     100%        5    ######.
 Iron Shot                Conj/Erth      #.........   100%        6    #######
 Orb of Destruction       Conj           #.........   100%        7    #######
 Spellforged Servitor     Conj/Summ      #.........   100%        7    #######


Dungeon Overview and Level Annotations

Branches:
Dungeon (13/15)            Temple (0/1) D:6            Lair (0/6) D:10
    Orc (0/2) D:9          Vaults (0/5) D:13

Altars:
Cheibriados
Dithmenos
Gozag
Makhleb
Uskayaw
Vehumet
Zin

Shops:
D:6 ([*

Portals:
Trove: D:12 (give +6 demon blade)

Annotations:
D:6 1 runed translucent door, Masnef's ghost, novice FoEE
D:10 3 runed translucent doors


Innate Abilities, Weirdness & Mutations

You cannot be hasted, slowed, berserked, paralysed or teleported.
You can dig through walls and to a lower floor.
Your four strong arms can wield two-handed weapons with a shield.
You have a pair of large antennae on your head. (SInv)


Message History

A vampire mosquito comes into view.
The vampire mosquito moves out of view.
An enormous slime creature splits.
The large slime creature closely misses you.
Two slime creatures merge to form an enormous slime creature.
Some of the chunks of flesh in your inventory have rotted away.
You feel much better.
You block the enormous slime creature's attack.
The enormous slime creature hits you!!
* * * LOW HITPOINT WARNING * * *
The enormous slime creature barely misses you.
Found 15 stones.
The vampire mosquito buzzes angrily.
A centaur comes into view.
You block the enormous slime creature's attack.
The centaur wields a +0 shortbow.
The centaur shoots an arrow.
The arrow closely misses you.
You see here an arrow.
The enormous slime creature hits you!!
You die...

#.# #.......#
#######.#
#.c.....#
...........#
#.......#
#.########.#
#.......# #.# #.#
#..(....# #. #.#
#.#####.......#
#.# #.#
#........^....#
####.# #.#
#.#####Jy......
.....# #.# #.#
#@#############...
#.########.#
#.#.(...#....(#...
...........#
#.#.....'.....#...
##########.#
#.#..⌠..'..⌠..#...
#.#
#.#.....')....#...
#.##
#.#.....#.....#...
#..
..##'''###'''##...
#.#
#.#.....#.....#..#
##########.#
#.....#.....'..†


You could see an enormous slime creature (fast), a vampire mosquito and a
centaur.

Vanquished Creatures
  Harold (D:8)
  4 vault guards
  A two-headed ogre (D:12)
  An unseen horror (D:11)
  A wizard (D:13)
  2 necromancers (D:13)
  A cyclops (D:11)
  An ugly thing (D:11)
  2 centaur zombies
  A gargoyle (D:12)
  A redback zombie (D:12)
  A kobold demonologist (D:11)
  2 trolls
  4 hippogriffs
  A hornet (D:11)
  Sigmund (D:3)
  A shadow (D:12)
  A wyvern (D:9)
  18 humans (D:13)
  A wraith (D:11)
  12 yaks
  A hungry ghost (D:8)
  Menkaure (D:5)
  5 vampire mosquitoes
  A soldier ant (shapeshifter) (D:13)
  A water moccasin (D:10)
  A porcupine (D:10)
  Duvessa (D:6)
  4 orc warriors
  A phantom (D:7)
  3 sky beasts
  A black bear (D:12)
  A hornet zombie (D:13)
  5 ogres
  An ogre (shapeshifter) (D:13)
  4 centaurs
  A big kobold (D:7)
  9 bullfrogs
  4 scorpions
  Dowan (D:6)
  A water moccasin skeleton (D:9)
  4 killer bees (D:11)
  7 wights
  8 jellies
  6 howler monkeys
  5 electric eels (D:9)
  4 crimson imps
  Crazy Yiuf (D:6)
  6 hounds
  3 centaur skeletons
  4 orc priests
  2 gnoll shamans
  6 iguanas
  16 orc wizards
  Natasha (thrice) (D:3)
  Terence (D:2)
  10 worker ants
  A hound skeleton (D:9)
  A worker ant zombie (D:11)
  6 gnolls
  7 adders
  A shadow imp (D:9)
  7 oozes
  3 adder skeletons
  3 worms
  A dart slug (D:1)
  7 leopard geckos
  33 orcs
  A giant cockroach (D:3)
  10 goblins
  3 hobgoblins
  11 jackals
  A quokka (D:7)
  6 bats
  5 frilled lizards
  A jackal skeleton (D:5)
  A jackal zombie (D:6)
  10 kobolds
  2 leopard gecko skeletons
  7 rats
319 creatures vanquished.

Vanquished Creatures (others)
  A wizard (D:13)
  A yak (D:11)
  4 toadstools (D:2)
6 creatures vanquished.

Grand Total: 325 creatures vanquished

Notes
Turn   | Place    | Note
-------+----------+-------------------------------------------
     0 | D:1      | Arum the Formicid Fighter began the quest for the Orb.
     0 | D:1      | Reached XP level 1. HP: 18/18 MP: 1/1
   182 | D:1      | Reached XP level 2. HP: 24/24 MP: 2/2
   532 | D:1      | Reached XP level 3. HP: 30/30 MP: 3/3
  1207 | D:2      | Found a faded altar of an unknown god.
  1363 | D:2      | Reached XP level 4. HP: 37/37 MP: 4/4
  1436 | D:2      | Reached skill level 4 in Fighting
  1576 | D:2      | Noticed Terence
  1583 | D:2      | Killed Terence
  2041 | D:3      | Noticed Natasha
  2047 | D:3      | Killed Natasha
  2047 | D:3      | Reached XP level 5. HP: 41/43 MP: 5/5
  2120 | D:3      | Noticed Natasha
  2125 | D:3      | Killed Natasha
  2125 | D:3      | Reached skill level 5 in Shields
  2141 | D:3      | Noticed Natasha
  2153 | D:3      | Killed Natasha
  2362 | D:3      | Noticed Sigmund
  2385 | D:3      | Killed Sigmund
  2385 | D:3      | Reached skill level 5 in Fighting
  2385 | D:3      | Reached XP level 6. HP: 10/51 MP: 0/6
  3088 | D:4      | Reached XP level 7. HP: 56/56 MP: 7/7
  3220 | D:4      | Found a burning altar of Makhleb.
  3240 | D:4      | Became a worshipper of Makhleb the Destroyer
  3840 | D:4      | Found a shadowy altar of Dithmenos.
  4130 | D:4      | Reached skill level 6 in Fighting
  4135 | D:4      | Reached skill level 5 in Staves
  4277 | D:5      | Entered Level 5 of the Dungeon
  4298 | D:5      | Reached XP level 8. HP: 64/64 MP: 8/8
  4378 | D:5      | Reached * piety under Makhleb
  4893 | D:5      | Found an opulent altar of Gozag.
  5041 | D:5      | Noticed Menkaure
  5058 | D:5      | Killed Menkaure
  5058 | D:5      | Reached skill level 7 in Fighting
  5139 | D:5      | You fall into a shaft and drop 2 floors!
  5232 | D:6      | Reached XP level 9. HP: 66/72 MP: 9/9
  5255 | D:6      | Noticed Dowan
  5278 | D:6      | Killed Dowan
  5285 | D:6      | Noticed Duvessa
  5309 | D:6      | Killed Duvessa
  5735 | D:6      | Found Weruuwke's Weapon Shop.
  5801 | D:6      | Reached skill level 8 in Fighting
  5865 | D:6      | Found a staircase to the Ecumenical Temple.
  6174 | D:6      | Found Gafe's General Store.
  6181 | D:6      | Bought a potion of mutation for 112 gold pieces
  6181 | D:6      | Bought a scroll of identify for 28 gold pieces
  6254 | D:6      | Found a runed translucent door.
  6267 | D:6      | Reached ** piety under Makhleb
  6270 | D:6      | Noticed Masnef's ghost (novice FoEE)
  6387 | D:6      | Found Qauce's Armour Shoppe.
  6395 | D:6      | Bought a +0 cloak of poison resistance for 102 gold pieces
  6463 | D:6      | Found a runed translucent door.
  6464 | D:6      | Noticed Crazy Yiuf
  6630 | D:6      | Killed Crazy Yiuf
  6739 | D:6      | Found a radiant altar of Vehumet.
  7587 | D:8      | Reached XP level 10. HP: 82/82 MP: 10/10
  7638 | D:8      | Noticed Harold
  7651 | D:8      | Killed Harold
  7651 | D:8      | Reached skill level 9 in Fighting
  7651 | D:8      | Reached skill level 5 in Armour
  8230 | D:8      | Found a glowing silver altar of Zin.
  8230 | D:8      | Found a snail-covered altar of Cheibriados.
  8599 | D:9      | Found a hide-covered altar of Uskayaw.
  8652 | D:9      | Reached skill level 10 in Fighting
  8717 | D:9      | Reached *** piety under Makhleb
  9170 | D:9      | Reached XP level 11. HP: 90/92 MP: 11/11
  9236 | D:9      | Reached skill level 1 in Invocations
  9533 | D:9      | Found a staircase to the Orcish Mines.
  9679 | D:10     | Entered Level 10 of the Dungeon
 10147 | D:10     | Reached **** piety under Makhleb
 10211 | D:10     | You fall into a shaft and drop 2 floors!
 10377 | D:11     | Noticed an unseen horror
 10394 | D:11     | Killed an unseen horror
 10394 | D:11     | Reached skill level 5 in Invocations
 10436 | D:11     | Noticed a purple ugly thing
 10454 | D:11     | Killed a purple ugly thing
 10454 | D:11     | Reached skill level 11 in Fighting
 10696 | D:10     | Found a staircase to the Lair.
 10701 | D:10     | Reached skill level 10 in Staves
 10725 | D:10     | Found a runed translucent gate.
 10725 | D:10     | Found a runed translucent gate.
 10726 | D:10     | Noticed a red ugly thing
 10726 | D:10     | Noticed a purple ugly thing
 10726 | D:10     | Noticed a white ugly thing
 10726 | D:10     | Noticed a white ugly thing
 10727 | D:10     | Found a runed translucent gate.
 10728 | D:10     | Noticed a brown ugly thing
 10728 | D:10     | Noticed a purple very ugly thing
 10927 | D:11     | Identified a scroll of acquirement
 11080 | D:11     | Noticed a cyclops
 11089 | D:11     | Killed a cyclops
 11555 | D:12     | Reached XP level 12. HP: 100/100 MP: 15/15
 11976 | D:12     | Noticed a two-headed ogre
 11984 | D:12     | Killed a two-headed ogre
 12170 | D:12     | Reached skill level 12 in Fighting
 12388 | D:12     | Noticed a vault guard
 12396 | D:12     | Killed a vault guard
 12406 | D:12     | Found a portal to a secret trove of treasure.
 12448 | D:12     | Reached skill level 10 in Armour
 12716 | D:13     | Noticed a wizard
 12734 | D:13     | Banished a wizard
 12911 | D:13     | Found a gate to the Vaults.
 12911 | D:13     | Noticed a vault guard
 12911 | D:13     | Noticed a vault guard
 12911 | D:13     | Noticed a vault guard
 12936 | D:13     | Killed a vault guard
 12936 | D:13     | Reached ***** piety under Makhleb
 12936 | D:13     | Reached skill level 13 in Fighting
 12942 | D:13     | Killed a vault guard
 12942 | D:13     | Reached XP level 13. HP: 111/111 MP: 10/16
 12947 | D:13     | Killed a vault guard
 13274 | D:13     | Mangled by an enormous slime creature

Illustrated notes

Levels and vault maps discovered:
D:1:      erik_arrival_triangle_medium, layout_basic
D:2:      layout_loops_corners, chequers_ecumenical_altar_grove, serial_bayou,
          serial_bayou_pond_e, serial_bayou_crossing, serial_bayou_pond_a,
          serial_bayou_lake_a, chequers_serial_rivers_micro_e, kennysheep_nub,
          minmay_gold_behind_fungi, uniq_terence
D:3:      layout_loops_ring, uniq_natasha, uniq_sigmund
D:4:      layout_cave_pods, nicolae_dithmenos_shadow_blocks, bloody_makhleb
D:5:      layout_basic, first_ration, grunt_gozag_statues, uniq_menkaure
D:6:      layout_gridville, lemuel_coloured_pillars_altar,
          minmay_temple_entry_junction, serial_shops, shop,
          nicolae_shop_statue_plus, nicolae_shop_statue_plus,
          ebering_ghost_inner_flame, uniq_crazy_yiuf_cottage, uniq_duvessa
D:7:      layout_basic
D:8:      layout_loops_corners, gammafunk_temple_overflow_wave,
          hangedman_little_slice_of_home, uniq_harold
D:9:      layout_stronghold, orc_0_dummy, serial_bayou, serial_bayou_lagoon_a,
          serial_bayou_pond_b, serial_bayou_ford_a, serial_bayou_pond_d,
          basic_altar, minivault_16
D:10:     layout_roguey, grunt_lair_entry_orc_guard_hut,
          ploomutoo_gammafunk_ghost_potion_laboratory, billiards_dpeg
D:11:     layout_irregular_city
D:12:     layout_basic, enter_trove_5, kennysheep_generic_room_11
D:13:     layout_small_grid, grunt_vaults_entry_tiered, serial_shops, shop

Skill      XL: |  1  2  3  4  5  6  7  8  9 10 11 12 |
---------------+-------------------------------------+-----
Shields        | 4 5 6 8 9 |  9.0
Fighting       | 4 5 6 7 8 10 11 13 | 13.6
Staves         | 3 4 5 6 7 9 10 12 | 12.4
Armour         | 4 7 9 10 | 10.0
Invocations    | 5 |  5.0

Action                   |  1- 3 |  4- 6 |  7- 9 | 10-12 | 13-15 || total
-------------------------+-------+-------+-------+-------+-------++-------
Melee: Quarterstaff      |   100 |    93 |   507 |   629 |    73 ||  1402
Invok: Minor Destruction |       |       |       |     1 |       ||     1
       Lesser Servant of |       |       |       |     1 |       ||     1
 Abil: Dig               |       |     1 |    12 |     4 |       ||    17
Evoke: Wand              |       |       |    13 |     1 |       ||    14
  Use: Scroll            |       |       |     2 |    12 |       ||    14
       Potion            |       |       |     2 |     1 |     1 ||     4
 Stab: Confused          |       |       |     1 |     1 |       ||     2
       Petrifying        |       |       |       |     3 |     1 ||     4
       Paralysed         |       |       |       |     2 |       ||     2
  Eat: Chunk             |     2 |     5 |    17 |    19 |     1 ||    44
Armor: Scale mail        |    60 |    19 |    85 |    81 |     4 ||   249
       Skin              |       |       |     6 |       |       ||     6
Dodge: Dodged            |    37 |    15 |   190 |   259 |    29 ||   530
Block: Kite shield       |    60 |    39 |   234 |   232 |    29 ||   594
